 Dungeon Crawl Stone Soup version 0.18-a0-884-gb6cfd45 (webtiles) character file.

394 M4edhros the Sneak (level 6, -2/38 HPs)
             Began as an Octopode Artificer on Dec 22, 2015.
             Killed by divine providence
             ... invoked by an orc priest
              (13 damage)
             ... on level 4 of the Dungeon.
             The game lasted 00:03:18 (1667 turns).

M4edhros the Sneak (Octopode Artificer)             Turns: 1667, Time: 00:03:18

Health: -2/38      AC:  1    Str: 10    XL:     6   Next: 81%
Magic:  9/9        EV: 13    Int: 17    God:
Gold:   161        SH:  0    Dex: 12    Spells: 0 memorised, 5 levels left

rFire  . . .     SeeInvis .     a - +0 short sword
rCold  . . .     Gourm    .     (no shield)
rNeg   . . .     Faith    .     (helmet restricted)
rPois  .         Spirit   .     (no amulet)
rElec  .         Dismiss  .     g - ring of sustain attributes
rCorr  .         Reflect  .     (no ring)
SustAt +         Harm     .     (no ring)
MR     .....                    (no ring)
Stlth  +++++.....               (no ring)
                                (no ring)
                                (no ring)
                                (no ring)

@: not resistant to hostile enchantments, quite stealthy
A: almost no armour, amphibious, 8 rings, constrict 8, camouflage 1, gelatinous
body 1
a: no special abilities


You were on level 4 of the Dungeon.
You were hungry.

You visited 1 branch of the dungeon, and saw 4 of its levels.

You collected 161 gold pieces.

Inventory:

Hand Weapons
 a - a +0 short sword (weapon)
 j - a +0 hunting sling
Missiles
 e - 33 stones (quivered)
Jewellery
 g - a ring of sustain attributes (left tentacle)
Wands
 b - a wand of flame (9/48)
 c - a wand of enslavement (5/24)
 d - a wand of random effects (7/48)
 o - a wand of confusion (21/48)
Scrolls
 h - a scroll of teleportation
 k - a scroll of remove curse {unknown}
 m - a scroll of enchant armour {unknown}
Potions
 i - a potion of invisibility
 p - a potion of resistance {unknown}
Comestibles
 f - 2 bread rations
 l - a beef jerky
 n - a slice of pizza


   Skills:
 - Level 1.0 Fighting
 - Level 1.0 Short Blades
 * Level 3.0 Slings
 * Level 4.2 Dodging
 * Level 5.0 Stealth
 + Level 4.5 Evocations


You had 5 spell levels left.
You didn't know any spells.

Dungeon Overview and Level Annotations

Branches:
Dungeon (4/15)
 Temple: D:4-7

Altars:
Ashenzari

Portals:
Sewer: D:4


Innate Abilities, Weirdness & Mutations

You cannot wear most types of armour.
You are amphibious.
You can wear up to eight rings at the same time.
You can use your tentacles to constrict eight enemies at once.
Your skin changes colour to match your surroundings (Stealth).
Your rubbery body absorbs attacks (AC +1).


Message History

Aim: an orc priest, wielding a club (chance to defeat MR: 55%)
The orc priest resists with significant effort.
This wand has 7 charges left.
The orc shouts!
You hear a shout!
The orc priest misses you.
Evoke which item? (* to show all) (? for menu, Esc to quit)
Zapping:
c - a wand of enslavement (7/24)
Press: ? - help, Shift-Dir - straight line, f/p - orc priest
Aim: an orc priest, wielding a club (chance to defeat MR: 55%)
The orc priest resists with significant effort.
This wand has 6 charges left.
You hear the quick rusting of a drain nearby.
Evoke which item? (* to show all) (? for menu, Esc to quit)
Zapping:
c - a wand of enslavement (6/24)
Press: ? - help, Shift-Dir - straight line, f - orc
Aim: an orc, wielding a mace (chance to defeat MR: 86%)
The orc is charmed.
This wand has 5 charges left.
The orc priest invokes the aid of Beogh against you.
Something smites you!
You die... ### #≈# #∩# #≈# #≈# oo.

.# #.#≈# ..
..####.#≈#
..
#......#@# .
####
#......#o#.#
#..##
#......#≈#.#
....#
#.......o.##
....#
###........#
#...#
#....#...#
##..#
#...##..##
#..#
##...#..##
##..#
#.......#


You could see an orc priest and a friendly orc.

Vanquished Creatures
  Grinder (D:4)
  A jelly (D:4)
  A giant frog skeleton (D:4)
  4 worker ants (D:4)
  3 adders
  2 worms (D:2)
  2 orcs (D:3)
  3 bats
  A giant cockroach (D:1)
  A hobgoblin (D:3)
  2 jackals (D:4)
  3 giant newts
  3 goblins
  5 kobolds
32 creatures vanquished.

Vanquished Creatures (others)
  An orc (D:3)
  A hobgoblin (D:1)
2 creatures vanquished.

Grand Total: 34 creatures vanquished

Notes
Turn   | Place    | Note
--------------------------------------------------------------
     0 | D:1      | M4edhros the Octopode Artificer began the quest for the Orb.
     0 | D:1      | Reached XP level 1. HP: 13/13 MP: 3/3
   424 | D:1      | Reached XP level 2. HP: 18/18 MP: 4/4
   776 | D:2      | Reached XP level 3. HP: 21/23 MP: 5/5
   811 | D:2      | Found a shattered altar of Ashenzari.
   857 | D:3      | Reached skill level 1 in Slings
  1167 | D:4      | Reached XP level 4. HP: 13/28 MP: 6/6
  1456 | D:4      | Reached XP level 5. HP: 21/33 MP: 7/7
  1497 | D:4      | Noticed Grinder
  1501 | D:4      | Paralysed by Grinder for 2 turns
  1507 | D:4      | Killed Grinder
  1507 | D:4      | Reached skill level 4 in Dodging
  1507 | D:4      | Reached XP level 6. HP: 31/38 MP: 7/9
  1645 | D:4      | Reached skill level 5 in Stealth
  1656 | D:4      | Found a glowing drain.
  1667 | D:4      | Killed from afar by an orc priest

Vault maps used:
D:1:      dpeg_arrival_three_smaller_balls
D:2:      nicolae_ashenzari_panopticon, uniq_natasha
D:3:      minmay_door_square
D:4:      serial_shops, shop, portal_sewer_entry_d, uniq_grinder

Action                   |  1- 3 |  4- 6 || total
-------------------------+-------+-------++-------
Melee: Short sword       |    31 |    22 ||    53
 Fire: Hunting sling     |    41 |       ||    41
Evoke: Wand              |     4 |    21 ||    25
  Use: Potion            |     2 |       ||     2
       Scroll            |     1 |       ||     1
 Stab: Sleeping          |     4 |       ||     4
       Confused          |       |     1 ||     1
  Eat: Chunk             |       |     2 ||     2
